 Dungeon Crawl Stone Soup version 0.28-a0-1236-gb25a51b929 (webtiles) character file.

Game seed: 16193025452474045285

3322 browni3141 the Cleaver (level 10, -12/73 HPs)
             Began as a Ghoul Gladiator on Dec 25, 2021.
             Was a Follower of Makhleb.
             Mangled by a two-headed ogre (17 damage)
             ... on level 7 of the Dungeon.
             The game lasted 00:09:57 (7460 turns).

browni3141 the Cleaver (Ghoul Gladiator)            Turns: 7460, Time: 00:09:58

Health: -12/73     AC: 18    Str: 23    XL:     10   Next: 2%
Magic:  9/9        EV:  7    Int:  3    God:    Makhleb [*.....]
Gold:   290        SH:  0    Dex: 10    Spells: 9/9 levels left

rFire   . . .      SeeInvis .   a - +0 war axe
rCold   + + .      Faith    .   (no shield)
rNeg    + + +      Spirit   .   r - +1 plate armour {rC+}
rPois   ∞          Reflect  .   c - +0 helmet
rElec   .          Harm     .   (no cloak)
rCorr   +          Rampage  .   (no gloves)
Will    .....                   (no boots)
Stlth   ..........              (no amulet)
HPRegen 0.00/turn               e - +4 ring of protection
MPRegen 0.11/turn               h - ring of resist corrosion

@: inhibited regen
A: claws 1, cold resistance 1, negative energy resistance 3, inhibited
regeneration, torment resistance 2
a: Renounce Religion


You were on level 7 of the Dungeon.
You worshipped Makhleb.
Makhleb was aware of your devotion.
You visited 2 branches of the dungeon, and saw 8 of its levels.

You collected 290 gold pieces.

Inventory:

Hand Weapons
 a - a +0 war axe (weapon)
Missiles
 d - 3 throwing nets
 l - 65 poisoned darts (quivered)
 s - 4 atropa-tipped darts
Armour
 b - a +0 leather armour
 c - a +0 helmet (worn)
 r - a +1 plate armour of cold resistance (worn)
Jewellery
 e - a +4 ring of protection (left claw)
 h - a ring of resist corrosion (right claw)
 w - a +4 ring of protection
 y - a ring of fire
Wands
 B - a wand of flame (20)
Scrolls
 g - 4 scrolls of teleportation {unknown}
 m - 7 scrolls of identify {unknown}
 o - a scroll of noise {unknown}
 p - a scroll of fear {unknown}
 v - a scroll of blinking {unknown}
Potions
 f - a potion of magic {unknown}
 i - a potion of might {unknown}
 j - 3 potions of curing {unknown}
 k - a potion of cancellation {unknown}
 n - 3 potions of brilliance {unknown}
 q - 3 potions of heal wounds {unknown}
 t - a potion of resistance {unknown}
 u - a potion of lignification {unknown}
 x - a potion of mutation {unknown}
 z - 2 potions of attraction {unknown}
 A - a potion of haste {unknown}
 C - a potion of invisibility {unknown}


   Skills:
 - Level 2.1 Fighting
 * Level 9.3 Axes
 + Level 5.7 Throwing
 + Level 4.7 Armour
 - Level 2.6 Dodging
 * Level 6.5 Stealth


You had 9 spell levels left.
You didn't know any spells.
Your spell library contained the following spells:

 Spells                   Type           Power      Damage    Failure   Level
 Animate Skeleton         Necr           0%         N/A       100%        1
 Pain                     Necr           0%         1d4       100%        1
 Slow                     Hex            0%         N/A       100%        1
 Confusing Touch          Hex            0%         N/A       100%        3
 Gell's Gravitas          Tloc           0%         N/A       100%        3
 Portal Projectile        Hex/Tloc       0%         N/A       100%        3
 Summon Guardian Golem    Hex/Summ       0%         N/A       100%        3
 Teleport Other           Tloc           0%         N/A       100%        3
 Vampiric Draining        Necr           0%         2d6       100%        3
 Dispersal                Tloc           0%         N/A       100%        6
 Monstrous Menagerie      Summ           0%         N/A       100%        7
 Orb of Destruction       Conj           0%         N/A       100%        7
 Spellforged Servitor     Conj/Summ      0%         N/A       100%        7
 Chain Lightning          Conj/Air       0%         N/A       100%        9
 Fire Storm               Conj/Fire      0%         5d1       100%        9
 Shatter                  Erth           0%         3d5*      100%        9


Dungeon Overview and Level Annotations

Branches:
Dungeon (7/15)             Temple (1/1) D:5

Altars:
Ashenzari
Cheibriados
Dithmenos
Elyvilon
Fedhas
Kikubaaqudgha
Makhleb
Nemelex Xobeh
Okawaru
Qazlal
Sif Muna
Trog
Uskayaw
Vehumet
Wu Jian
Xom
Yredelemnul

Shops:
D:4 [   D:6 [=

Annotations:
D:3 1 runed translucent door, rougesareth's ghost, amateur MfGl


Innate Abilities, Weirdness & Mutations

You thrive by killing the living.
You are immune to poison.
You have sharp fingernails.
Your flesh is cold resistant. (rC+)
You are immune to negative energy. (rN+++)
You do not regenerate when monsters are visible.
You are immune to unholy pain and torment.


Message History

You hit the black bear.
You kill the black bear!
Makhleb accepts your kill.
You feel better.
You have reached level 10!
You feel stronger.
You throw a poisoned dart.
The poisoned dart hits the two-headed ogre!
The two-headed ogre is poisoned.
You throw a poisoned dart.
The poisoned dart hits the two-headed ogre.
The two-headed ogre looks even sicker.
You throw a poisoned dart.
The poisoned dart barely misses the two-headed ogre.
You throw a poisoned dart.
The poisoned dart hits the two-headed ogre.
The two-headed ogre looks as sick as possible!
You throw a poisoned dart.
The poisoned dart barely misses the two-headed ogre.
You hit the two-headed ogre.
The two-headed ogre is lightly wounded.
The two-headed ogre barely misses you. x2
You slash the two-headed ogre!
The two-headed ogre is moderately wounded.
The two-headed ogre hits you with a +0 giant club!
The two-headed ogre hits you with a +0 giant spiked club!
You hit the two-headed ogre.
The two-headed ogre is heavily wounded.
The two-headed ogre hits you with a +0 giant club!
The two-headed ogre closely misses you.
You slash the two-headed ogre!
The two-headed ogre is severely wounded.
You slash the two-headed ogre!
The two-headed ogre is almost dead.
The two-headed ogre hits you with a +0 giant club!!
* * * LOW HITPOINT WARNING * * *
The two-headed ogre hits you but does no damage.
Found 19 sling bullets.
The two-headed ogre hits you with a +0 giant club!
You die...

.............#
.............#####
.......(.........#
..(..............#
.(....##.........#
(.....##.........#
.[....##.........#
########.......O.#
#........@#
#.(.......#
###########


You could see a two-headed ogre (very poisoned).

Vanquished Creatures
  The ghost of Adrian566 the Ducker, an amateur TrFi of Vehumet (D:6)
  A wraith (D:7)
  A water moccasin (D:6)
  4 ice beasts (D:6)
  An orc warrior (D:7)
  A sky beast (D:6)
  3 black bears
  3 ogres
  A centaur (D:6)
  A kobold brigand (D:7)
  3 scorpions
  2 bullfrogs
  A wyvern skeleton (D:5)
  7 wights (D:6)
  3 howler monkeys (D:7)
  A bullfrog zombie (D:7)
  3 hounds
  2 jellies
  2 centaur skeletons (D:7)
  A gnoll shaman (D:7)
  4 orc priests
  3 bullfrog skeletons
  5 iguanas
  4 orc wizards
  A bullfrog simulacrum (D:6)
  A centaur simulacrum (D:6)
  A hound skeleton (D:4)
  A killer bee simulacrum (D:6)
  5 adders
  2 shadow imps
  3 white imps
  An ufetubus (D:4)
  An adder skeleton (D:4)
  22 orcs
  12 ball pythons
  11 endoplasms
  A giant cockroach (D:4)
  5 goblins
  5 hobgoblins
  3 jackals (D:1)
  4 quokkas
  12 bats
  2 frilled lizards
  9 kobolds
  6 rats
166 creatures vanquished.

Vanquished Creatures (others)
  An orc wizard (D:7)
  An orc (D:6)
  2 withered plants (D:3)
4 creatures vanquished.

Grand Total: 170 creatures vanquished

Notes
Turn   | Place    | Note
-------+----------+-------------------------------------------
     0 | D:1      | browni3141 the Ghoul Gladiator began the quest for the Orb.
     0 | D:1      | Reached XP level 1. HP: 17/17 MP: 0/0
    48 | D:1      | Reached skill level 3 in Axes
    58 | D:1      | Reached XP level 2. HP: 24/24 MP: 1/1
   246 | D:1      | Found a faded altar of an unknown god.
   274 | D:1      | Got the Catalogue of Supportive Dislocation
   299 | D:1      | Reached XP level 3. HP: 29/29 MP: 2/2
   847 | D:2      | Reached skill level 4 in Axes
  1015 | D:2      | Found a blossoming altar of Fedhas.
  1415 | D:3      | Noticed a scorpion
  1424 | D:3      | Killed a scorpion
  1425 | D:3      | Reached XP level 4. HP: 36/36 MP: 3/3
  1497 | D:3      | Reached skill level 5 in Axes
  1501 | D:3      | Reached XP level 5. HP: 37/41 MP: 4/4
  1927 | D:3      | Found a runed translucent door.
  1927 | D:3      | Noticed rougesareth's ghost (amateur MfGl)
  2085 | D:3      | Noticed an ogre
  2112 | D:3      | Reached XP level 6. HP: 39/48 MP: 5/5
  2453 | D:3      | Reached skill level 6 in Axes
  2752 | D:4      | Found Ziapp's Armour Boutique.
  2963 | D:4      | Identified the +2 spear "Lain Vix" {flame, rPois}
  2978 | D:4      | Reached skill level 1 in Armour
  2978 | D:4      | Reached XP level 7. HP: 55/55 MP: 6/6
  3314 | D:5      | Entered Level 5 of the Dungeon
  3498 | D:5      | Found a radiant altar of Vehumet.
  4005 | D:5      | Found a burning altar of Makhleb.
  4024 | D:5      | Became a worshipper of Makhleb the Destroyer
  4096 | D:5      | Reached skill level 7 in Axes
  4096 | D:5      | Found a staircase to the Ecumenical Temple.
  4162 | D:5      | Reached XP level 8. HP: 61/61 MP: 7/7
  4458 | Temple   | Entered the Ecumenical Temple
  4697 | D:6      | Found Geacimno's Jewellery Boutique.
  5102 | D:6      | Reached skill level 1 in Stealth
  5279 | D:6      | Found Atuic's Antique Armour Shop.
  5297 | D:6      | Reached skill level 8 in Axes
  5388 | D:6      | Found a runed translucent gate.
  5388 | D:6      | Found a runed translucent gate.
  5388 | D:6      | Found a runed translucent gate.
  5395 | D:6      | Reached XP level 9. HP: 53/67 MP: 8/8
  5513 | D:6      | Noticed Adrian566's ghost (amateur TrFi)
  5758 | D:6      | Reached skill level 5 in Throwing
  6179 | D:6      | Killed Adrian566's ghost
  6291 | D:6      | Reached skill level 5 in Stealth
  6837 | D:7      | Reached * piety under Makhleb
  7093 | D:7      | Reached skill level 9 in Axes
  7436 | D:7      | Noticed a two-headed ogre
  7439 | D:7      | Reached XP level 10. HP: 72/73 MP: 9/9
  7460 | D:7      | Mangled by a two-headed ogre

Illustrated notes

Levels and vault maps discovered:
D:1:      mrwooster_arrival_arrow, layout_rooms, ebering_ecumenical_altar_hall,
          serial_bayou_pond_e
D:2:      layout_loops_ring, basic_altar
D:3:      minmay_octagon_keep, layout_basic, gammafunk_ghost_grave
D:4:      layout_rooms, general_overflow_altar, serial_shops, nicolae_shop_trees
D:5:      layout_rooms, makhleb_heckhound_becter, overflow_temple_1_default,
          minmay_temple_entry_grid
D:6:      layout_basic, serial_shops, nicolae_shop_crystal, shop,
          gammafunk_ghost_icy, lemuel_flame_loot_1
D:7:      nzn_winding_woodlands_medium [nzn_winding_woodlands_5x5_three,
          nzn_winding_woodlands_5x15_parted,
          nzn_winding_woodlands_5x5_perimeter,
          nzn_winding_woodlands_5x5_default,
          nzn_winding_woodlands_center_triple_pond,
          nzn_winding_woodlands_5x5_default,
          nzn_winding_woodlands_5x5_closed_star,
          nzn_winding_woodlands_5x15_crooked,
          nzn_winding_woodlands_5x5_checkerboard], layout_basic
Temple:   nicolae_temple_figure_eight

Skill      XL: |  1  2  3  4  5  6  7  8  9 |
---------------+----------------------------+-----
Axes           | 3 4 5 6 7 8 9 |  9.3
Throwing       | 2 3 4 5 |  5.7
Armour         | 1 2 3 4 |  4.7
Stealth        | 3 6 |  6.5
Fighting       | |  2.1
Dodging        | |  2.6

Action                   |  1- 3 |  4- 6 |  7- 9 | 10-12 || total
-------------------------+-------+-------+-------+-------++-------
Melee: War axe           |    97 |   131 |   406 |     5 ||   639
Throw: Dart              |     6 |    11 |    50 |     5 ||    72
 Stab: Sleeping          |     1 |       |       |       ||     1
Armor: Leather armour    |    69 |    37 |       |       ||   106
       Plate armour      |       |    45 |   333 |     1 ||   379
Dodge: Dodged            |    88 |    87 |   132 |     3 ||   310

Table legend: (Time is in decaauts)
 A = Elapsed time spent in this place.
 B = Non-inter-level travel time spent in this place.
 C = Inter-level travel time spent in this place.
 D = Time resting spent in this place.
 E = Time spent auto-exploring this place.
 F = Levels seen in this place.
 G = Mean time per level.
                   A        B        C        D        E       F      G
               +--------+--------+--------+--------+--------+-----+--------+
         Total |   7563 |   7227 |    336 |    618 |   5125 |   8 |  945.4 |
       Dungeon |   7352 |   7027 |    325 |    618 |   4926 |   7 | 1050.3 |
        Temple |    210 |    199 |     11 |      0 |    199 |   1 |  210.0 |
               +--------+--------+--------+--------+--------+-----+--------+

Top non-repeatable levels by time:
     D:6: 2098 daAuts
     D:3: 1491 daAuts
     D:5: 1185 daAuts
     D:2: 812 daAuts
     D:7: 696 daAuts
     D:4: 572 daAuts
     D:1: 496 daAuts
  Temple: 210 daAuts
